 Dungeon Sprint DCSS version 0.18-a0-1147-g8e8348b (webtiles) character file.

11674 Kidiri the Unseen (level 11, 0/42 HPs)
             Began as a Spriggan Enchanter on Jan 22, 2016.
             Was the Champion of Dithmenos.
             Slain by an anaconda (2 damage)
             ... in the Dungeon (Sprint III: "The Ten Rune Challenge").
             The game lasted 00:09:12 (1404 turns).

Kidiri the Unseen (Spriggan Enchanter)              Turns: 1404, Time: 00:09:12

Health: 0/42       AC:  5    Str:  4      XL:     11   Next: 52%
Magic:  16/30      EV: 30    Int: 20      God:    Dithmenos [******]
Gold:   16         SH:  0    Dex: 18 (19) Spells: 8 memorised, 9 levels left

rFire  . . .     SeeInvis +     a - +1 dagger
rCold  . . .     Gourm    .     b - +1 robe
rNeg   . . .     Faith    .     (shield restricted)
rPois  +         Spirit   .     (helmet restricted)
rElec  .         Dismiss  .     k - +0 cloak
rCorr  .         Reflect  .     (gloves unavailable)
SustAt .         Harm     .     (boots unavailable)
MR     +....     Clarity  +     (no amulet)
Stlth  ++++++++++ NoTele   +    (no ring)
                                (no ring)

@: very slightly contaminated, wreathed by umbra, constricted, very quick,
somewhat resistant to hostile enchantments, uncannily stealthy
A: unfitting armour, beak, icy blue scales 1, see invisible, agile 1, clarity,
deterioration 1, herbivore 3, speed 3, frail 1, poison resistance, slow
metabolism 2
a: Shadow Step, Shadow Form, Renounce Religion


You were in the Dungeon.
You worshipped Dithmenos.
Dithmenos was exalted by your worship.
You were not hungry.

You visited 1 branch You collected 16 gold pieces.

Inventory:

Hand Weapons
 a - a +1 dagger (weapon)
Armour
 b - a +1 robe (worn)
 k - a +0 cloak (worn)
Scrolls
 m - a scroll of torment {unknown}
 n - a scroll of identify {unknown}
 o - 3 scrolls of remove curse
 r - a scroll of immolation {unknown}
 s - a scroll of fear {unknown}
Potions
 c - a potion of cure mutation {unknown}
 g - 2 potions of haste
 h - 3 potions of magic
 i - a potion of berserk rage
 q - 4 potions of flight
 u - a potion of might
 w - a potion of cancellation {unknown}
Comestibles
 d - a bread ration
 p - 26 royal jellies
 t - 10 fruits


   Skills:
 * Level 13.0 Short Blades
 * Level 16.6 Dodging
 * Level 17.8 Stealth
 * Level 14.2 Spellcasting
 + Level 6.5 Conjurations
 + Level 10.8 Hexes
 + Level 9.8 Translocations
 + Level 7.0 Ice Magic
 - Level 3.1 Invocations


You had 9 spell levels left.
You knew the following spells:

 Your Spells              Type           Power        Failure   Level  Hunger
a - Corona                Hex            ######.      1%          1    None
b - Ensorcelled Hibernat  Hex/Ice        ######       1%          2    None
c - Confuse               Hex            ######..     1%          3    None
d - Tukima's Dance        Hex            ######..     1%          3    None
e - Dazzling Spray        Conj/Hex       #####...     1%          3    None
f - Darkness              Hex            ######....   12%         6    #####..
g - Phase Shift           Tloc           ######....   2%          5    ###....
h - Mass Confusion        Hex            ######....   12%         6    #####..


Dungeon Overview and Level Annotations

Branches:
Dungeon (1/1)

Altars:
Cheibriados
Dithmenos
Elyvilon
Fedhas
Gozag
Kikubaaqudgha
Makhleb
Nemelex Xobeh
Okawaru
Pakellas
Qazlal
Ru
Sif Muna
Trog
Vehumet
Xom
Yredelemnul
Zin
The Shining One
Jiyva
Lugonu


Innate Abilities, Weirdness & Mutations

You are tiny and cannot use many weapons and most armour.
You have supernaturally acute eyesight.
You are a herbivore.
You cover ground extremely quickly.
You need consume almost no food.
You have a beak for a mouth.
You are partially covered in icy blue scales (AC +1).
You are agile. (Dex +2)
You possess an exceptional clarity of mind.
Your body sometimes deteriorates upon taking damage.
You are frail (-10% HP).
Your system is resistant to poisons.


Message History

Press: ? - help, Shift-Dir - straight line, f/p - anaconda
Aim: an anaconda (umbra, chance to defeat MR: 58%)
The anaconda resists with significant effort.
You feel sick. The anaconda closely misses you.
The anaconda completely misses you. The anaconda grabs you.
The anaconda completely misses you.
* * * LOW HITPOINT WARNING * * *
The anaconda constricts you.
Unknown command.
Unknown command.
Drink which item? (? for menu, Esc to quit)
You feel better. The anaconda barely misses you. The anaconda constricts you.
The anaconda barely misses you.
* * * LOW HITPOINT WARNING * * *
The anaconda constricts you.
Drink which item? (? for menu, Esc to quit)
You feel better. The anaconda completely misses you.
The anaconda constricts you. The anaconda bites you!
* * * LOW HITPOINT WARNING * * *
You die...

#..♣♣ ♣♣♣ #+###
###'♣♣♣♣♣♣♣♣♣♣♣♣♣♣♣
♣♣♣♣%##..##≈≈≈≈≈≈..#
♣.%.##.##.#≈≈≈≈≈...#
♣♣.##%##.##'≈≈≈≈≈####+#
♣..#.##...#≈≈.....§§§#
♣♣.##.##.:#≈..+#######
♣♣.##.#####...#....))#
♣.....##.S@...#♣♣♣._)#
########'#############
#...†.......##
#............#
###########..#


You could see an anaconda.

Vanquished Creatures
  Maud (D)
  2 hydras (D)
  Erica (D)
  A centaur warrior (D)
  A death drake (D)
  An unseen horror (D)
  A spriggan druid (D)
  A deep elf mage (D)
  A lindwurm (D)
  A black mamba (D)
  2 spiny frogs (D)
  A komodo dragon (D)
  3 wandering mushrooms (D)
  2 giant leeches (D)
  A queen bee (D)
  A shadow (D)
  3 redbacks (D)
  2 spriggans (D)
  A spatial vortex (D)
  2 water moccasins (D)
  A necrophage (D)
  2 centaurs (D)
  An earth elemental (D)
  A water elemental (D)
  23 killer bees (D)
  An electric eel (D)
  A jelly (D)
  Crazy Yiuf (D)
  A necromancer (D)
  A wizard (D)
  3 humans (D)
  A kobold demonologist (D)
  4 rats (D)
70 creatures vanquished.

Vanquished Creatures (collateral kills)
  6 killer bees (D)
6 creatures vanquished.

Vanquished Creatures (others)
  2 draconian scorchers (D)
  2 yaktaurs (D)
  3 killer bees (D)
7 creatures vanquished.

Grand Total: 83 creatures vanquished

Notes
Turn   | Place    | Note
--------------------------------------------------------------
     0 | D        | Kidiri the Spriggan Enchanter began the quest for the Orb.
     0 | D        | Reached XP level 1. HP: 9/9 MP: 5/5
    48 | D        | Noticed Crazy Yiuf
    51 | D        | Killed Crazy Yiuf
    51 | D        | Reached skill level 5 in Dodging
    51 | D        | Reached skill level 6 in Stealth
    51 | D        | Reached XP level 2. HP: 13/13 MP: 6/8
    51 | D        | Reached XP level 3. HP: 16/16 MP: 6/9
    60 | D        | Learned a level 3 spell: Confuse
    75 | D        | Learned a level 2 spell: Ensorcelled Hibernation
    79 | D        | Learned a level 3 spell: Dazzling Spray
   143 | D        | Gained mutation: Your system is resistant to poisons. [potion of mutation]
   143 | D        | Gained mutation: You possess an exceptional clarity of mind. [potion of mutation]
   144 | D        | Gained mutation: Your body sometimes deteriorates upon taking damage. [potion of mutation]
   144 | D        | Gained mutation: You are frail (-10% HP). [potion of mutation]
   145 | D        | Gained mutation: You are agile. (Dex +2) [potion of mutation]
   145 | D        | Gained mutation: You are partially covered in icy blue scales (AC +1). [potion of mutation]
   145 | D        | Gained mutation: You have a beak for a mouth. [potion of mutation]
   174 | D        | Killed a yaktaur
   179 | D        | Killed a white draconian scorcher
   184 | D        | Noticed a water elemental
   187 | D        | Killed a water elemental
   187 | D        | Reached skill level 7 in Stealth
   187 | D        | Reached skill level 5 in Spellcasting
   187 | D        | Reached skill level 1 in Conjurations
   187 | D        | Reached skill level 1 in Ice Magic
   187 | D        | Reached XP level 4. HP: 18/18 MP: 10/12
   194 | D        | Learned a level 3 spell: Tukima's Dance
   207 | D        | Noticed a shadow
   209 | D        | Killed a shadow
   209 | D        | Reached skill level 8 in Dodging
   209 | D        | Reached skill level 9 in Stealth
   209 | D        | Reached skill level 5 in Hexes
   209 | D        | Reached XP level 5. HP: 21/21 MP: 12/15
   209 | D        | Reached XP level 6. HP: 25/25 MP: 13/17
   239 | D        | Found an oddly glowing altar of Pakellas.
   239 | D        | Found a stormy altar of Qazlal.
   240 | D        | Found a sacrificial altar of Ru.
   240 | D        | Found a burning altar of Makhleb.
   240 | D        | Found a viscous altar of Jiyva.
   240 | D        | Found a shimmering altar of Xom.
   240 | D        | Found a shadowy altar of Dithmenos.
   240 | D        | Found a sparkling altar of Nemelex Xobeh.
   240 | D        | Found a corrupted altar of Lugonu.
   240 | D        | Found an opulent altar of Gozag.
   240 | D        | Noticed a spatial vortex
   244 | D        | Became a worshipper of Dithmenos the Shadowed
   261 | D        | Killed a spatial vortex
   261 | D        | Reached skill level 10 in Stealth
   261 | D        | Reached skill level 1 in Invocations
   279 | D        | Killed a yaktaur
   332 | D        | Killed a white draconian scorcher
   378 | D        | Found a radiant altar of Vehumet.
   379 | D        | Found a deep blue altar of Sif Muna.
   379 | D        | Found an ancient bone altar of Kikubaaqudgha.
   382 | D        | Reached * piety under Dithmenos
   400 | D        | Learned a level 6 spell: Darkness
   409 | D        | Found a glowing silver altar of Zin.
   410 | D        | Found a glowing golden altar of the Shining One.
   410 | D        | Found a white marble altar of Elyvilon.
   410 | D        | Noticed a deep elf mage
   412 | D        | Killed a deep elf mage
   412 | D        | Reached skill level 10 in Dodging
   412 | D        | Reached skill level 11 in Stealth
   412 | D        | Reached XP level 7. HP: 28/28 MP: 18/20
   427 | D        | Learned a level 5 spell: Phase Shift
   430 | D        | Found an iron altar of Okawaru.
   431 | D        | Found a bloodstained altar of Trog.
   431 | D        | Noticed a human
   431 | D        | Noticed a human
   433 | D        | Killed a human
   433 | D        | Reached skill level 12 in Stealth
   433 | D        | Reached skill level 1 in Translocations
   433 | D        | Reached XP level 8. HP: 32/32 MP: 19/22
   441 | D        | Reached ** piety under Dithmenos
   502 | D        | Found a snail-covered altar of Cheibriados.
   503 | D        | Found a basalt altar of Yredelemnul.
   503 | D        | Found a blossoming altar of Fedhas.
   580 | D        | Noticed Erica
   582 | D        | Killed Erica
   582 | D        | Reached skill level 13 in Stealth
   582 | D        | Reached skill level 10 in Spellcasting
   591 | D        | Reached XP level 9. HP: 35/35 MP: 24/24
   608 | D        | Reached *** piety under Dithmenos
   609 | D        | Noticed a centaur warrior
   613 | D        | Killed a centaur warrior
   613 | D        | Reached skill level 10 in Short Blades
   613 | D        | Reached skill level 14 in Stealth
   613 | D        | Reached skill level 5 in Translocations
   613 | D        | Reached skill level 5 in Ice Magic
   643 | D        | Learned a level 6 spell: Mass Confusion
   654 | D        | Noticed an unseen horror
   658 | D        | Killed an unseen horror
   670 | D        | Noticed a queen bee
   674 | D        | Reached **** piety under Dithmenos
   677 | D        | Reached ***** piety under Dithmenos
   778 | D        | Reached skill level 5 in Conjurations
   783 | D        | Killed a queen bee
   783 | D        | Reached skill level 15 in Stealth
   783 | D        | Reached XP level 10. HP: 39/39 MP: 14/27
   800 | D        | Reached ****** piety under Dithmenos
  1136 | D        | Noticed a spiny frog
  1136 | D        | Noticed a spiny frog
  1139 | D        | Killed a spiny frog
  1143 | D        | Killed a spiny frog
  1185 | D        | Reached skill level 15 in Dodging
  1185 | D        | Reached skill level 16 in Stealth
  1245 | D        | Noticed a lindwurm
  1248 | D        | Killed a lindwurm
  1258 | D        | Noticed Maud
  1260 | D        | Killed Maud
  1260 | D        | Reached skill level 10 in Hexes
  1260 | D        | Reached XP level 11. HP: 42/42 MP: 26/29
  1266 | D        | Noticed a seven-headed hydra
  1266 | D        | Noticed a six-headed hydra
  1272 | D        | Killed a seven-headed hydra
  1272 | D        | Reached skill level 17 in Stealth
  1273 | D        | Killed a six-headed hydra
  1323 | D        | Noticed a death drake
  1325 | D        | Killed a death drake
  1332 | D        | Found a blossoming altar of Fedhas.
  1332 | D        | Noticed a spriggan druid
  1334 | D        | Killed a spriggan druid
  1378 | D        | Noticed an anaconda
  1404 | D        | HP: 2/42 [anaconda (13)]
  1404 | D        | Slain by an anaconda

Vault maps used:
D:        dungeon_sprint_mu

Action                   |  1- 3 |  4- 6 |  7- 9 | 10-12 || total
-------------------------+-------+-------+-------+-------++-------
Melee: Dagger            |    10 |    13 |    20 |    84 ||   127
 Cast: Ensorcelled Hiber |     3 |       |    14 |    22 ||    39
       Dazzling Spray    |       |     5 |     3 |     4 ||    12
       Confuse           |       |       |     2 |     2 ||     4
       Mass Confusion    |       |       |     1 |     1 ||     2
       Phase Shift       |       |       |     1 |       ||     1
Invok: Shadow Step       |       |       |     1 |     7 ||     8
  Use: Potion            |     3 |       |       |     3 ||     6
       Scroll            |       |       |       |     1 ||     1
 Stab: Sleeping          |     4 |     5 |    11 |    24 ||    44
       Confused          |       |       |     2 |     3 ||     5
